 Dungeon Crawl Stone Soup version 0.31-a0-152-g6aa68a64a1 (webtiles) character file.

Game seed: 4822316099606165674

55436 qw the Marksminotaur (level 14, 0/129 HPs)
             Began as a Minotaur Hunter on June 8, 2023.
             Was a High Priest of Okawaru.
             Slain by a dream sheep (1 damage)
             ... on level 5 of the Lair of Beasts.
             The game lasted 00:05:09 (13608 turns).

qw the Marksminotaur (Minotaur Hunter)             Turns: 13608, Time: 00:05:09

Health: 0/129      AC: 28    Str: 14    XL:     14   Next: 38%
Magic:  15/20      EV: 22    Int:  6    God:    Okawaru [*****.]
Gold:   417        SH:  5    Dex: 23    Spells: 13/13 levels left

rFire   + + .        h - +27 heavy crossbow "Sniper" {heavy, Acc+∞ SInv}
rCold   . . .        (shield currently unavailable)
rNeg    . . .        v - +6 swamp dragon scales
rPois   +            (helmet restricted)
rElec   .            w - -2 cloak "Quahiajy" {rF++ rCorr Str-4 SInv}
rCorr   +            m - +2 pair of gloves
SInv    +            o - +2 pair of boots
Will    +....        i - amulet of reflection
Stlth   +++          p - +6 ring of dexterity
HPRegen 0.41/turn    s - +4 ring of protection
MPRegen 0.17/turn

%: reflection
@: about to teleport, heroic, finesse-ful
A: horns 2, retaliatory headbutt
a: Renounce Religion, Heroism, Finesse, Duel


You were on level 5 of the Lair of Beasts.
You worshipped Okawaru.
Okawaru was extremely pleased with you.
You visited 3 branches of the dungeon, and saw 17 of its levels.
You also visited: Ossuary and Gauntlet.

You collected 1038 gold pieces.
You spent 621 gold pieces at shops.


Innate Abilities, Weirdness & Mutations

You have a pair of horns on your head.
You reflexively headbutt those who attack you in melee.


   Skills:
 - Level 13.0(18.0) Fighting
 + Level 19.4(24.4) Ranged Weapons
 - Level 9.0(14.0) Armour
 - Level 10.1(15.1) Dodging
 - Level 0.7(5.7) Stealth
 - Level 10.0 Invocations


You had 13 spell levels left.
You didn't know any spells.
Your spell library was empty.

Inventory:

Hand Weapons
 c - a +2 arbalest of flaming
 h - the +27 heavy crossbow "Sniper" (weapon) {heavy, Acc+∞ SInv}
   (You acquired it on level 4 of the Dungeon)

   Acc+∞: It never misses its target.
   SInv:      It lets you see invisible.
Armour
 l - a +2 robe of resistance
 m - a +2 pair of gloves (worn)
 o - a +2 pair of boots (worn)
 v - +6 swamp dragon scales (worn)
 w - the -2 cloak "Quahiajy" (worn) {rF++ rCorr Str-4 SInv}
   (You bought it in a shop on level 11 of the Dungeon)

   Str:       It affects your strength (-4).
   rF:        It greatly protects you from fire.
   SInv:      It lets you see invisible.
   rCorr:     It protects you from acid and corrosion.
Jewellery
 a - the ring "Nafrefek" {rF+ rC+}
   (You took it off a minotaur in a Gauntlet)

   [ring of protection from cold]

   rF:        It protects you from fire.
   rC:        It protects you from cold.
 i - an amulet of reflection (around neck)
 p - a +6 ring of dexterity (left hand)
 s - a +4 ring of protection (right hand)
 Y - the ring "Boqeif" {*Slow rF+ Will+ Str+3 Slay+2}
   (You found it in a Gauntlet)

   [ring of willpower]

   Str:       It affects your strength (+3).
   Slay:      It affects your accuracy & damage with ranged weapons and melee
   (+2).
   rF:        It protects you from fire.
   *Slow:     It may slow you when you take damage.
   Will:      It increases your willpower.
Wands
 g - a wand of digging (3)
Scrolls
 e - 9 scrolls of identify
 f - a scroll of teleportation
 q - a scroll of fear {unknown}
 y - 2 scrolls of enchant weapon
Potions
 b - 6 potions of curing
 d - 2 potions of magic
 j - 5 potions of haste
 k - a potion of resistance
 n - a potion of mutation
 r - 2 potions of cancellation
 t - 3 potions of might

Dungeon Overview and Level Annotations

Branches:
Dungeon (11/15)            Temple (1/1) D:7            Lair (5/5) D:11
  Swamp (0/4) Lair:2       Spider (0/4) Lair:2        Slime (0/5) Lair:4
Ossuary (visited)         Gauntlet (visited)
    Orc: D:9-12

Altars:
Ashenzari
Cheibriados
Dithmenos
Elyvilon
Fedhas
Gozag
Hepliaklqana
Kikubaaqudgha
Makhleb
Nemelex Xobeh
Okawaru
Qazlal
Ru
Sif Muna
Trog
Uskayaw
Vehumet
Wu Jian
Xom
Yredelemnul
Zin
The Shining One
Jiyva

Shops:
D:8 ([   D:11 [

Portals:
Bailey: D:9

Annotations:
D:4 1 runed translucent door, Crazy Yiuf
D:6 2 transporters, qw's ghost, amateur GrFi
Lair:1 3 runed translucent doors, qw's ghost, journeyman GrHu; qw's ghost, journeyman MiHu; qw's ghost, novice MiHu
Lair:4 1 runed translucent door


Message History

The dream sheep bites you but does no damage.
You shoot a bolt. The bolt hits the death yak!!
The death yak is heavily wounded.
You feel like a meek peon again. The komodo dragon barely misses you.
You block the death yak's attack. The death yak gores you!
The dream sheep completely misses you. The dream sheep misses you.
You furiously retaliate!
You headbutt the dream sheep!
13605 ||| INVOKING Heroism.
You gain the combat prowess of a mighty hero.
The death yak closely misses you. You furiously retaliate!
You headbutt the death yak! The death yak completely misses you.
The dream sheep closely misses you. The komodo dragon bites you!
The dream sheep completely misses you.
13606 ||| READING 2 scrolls of teleportation.
As you read the scroll of teleportation, it crumbles to dust.
You feel strangely unstable. The death yak barely misses you.
The death yak gores you but does no damage.
The dream sheep closely misses you. You furiously retaliate!
You headbutt the dream sheep! The dream sheep misses you. x2
The komodo dragon bites you but does no damage.
You shoot a bolt. The bolt hits the death yak!!
The death yak is almost dead.
The dream sheep are wreathed in dream dust.
You feel drowsy...
You fall asleep.
The death yak gores you!
You wake up.
The death yak gores you but does no damage.
You block the dream sheep's attack. The dream sheep bites you!
You block the dream sheep's attack.
The komodo dragon completely misses you.
You shoot a bolt. The bolt hits the death yak!!!!
You kill the death yak!
Okawaru accepts your kill. Okawaru grants you a weapon!
Something appears at your feet!
You see here a +4 longbow of flaming.
The komodo dragon completely misses you.
The death yak gores you! You block the dream sheep's attack.
The dream sheep closely misses you.
The dream sheep bites you but does no damage.
The dream sheep bites you.
You die...

##########
####P##..##.# .#
##P#P.....#..#####
...#........P.......#
....................#
......YYY...........#
......Y@Y...........#
......lYY..........##
................(.##
.................##
.................#
.................#
.................#
.............%...#
...........%..##


You could see a death yak, a komodo dragon and 6 dream sheep.

Vanquished Creatures
  A minotaur (Gauntlet)
  A fire dragon (Lair:4)
  A great orb of eyes (Gauntlet)
  3 hydras
  5 two-headed ogres
  19 death yaks
  A skyshark (Lair:5)
  A lindwurm (Lair:2)
  An orange crystal statue (Gauntlet)
  Pikel (D:5)
  3 ugly things
  4 black mambas
  15 cane toads
  Maggie (D:8)
  19 rime drakes
  A minotaur zombie (Gauntlet)
  7 komodo dragons
  A kobold demonologist (D:9)
  A troll (D:7)
  A meliai (Lair:2)
  Grinder (D:4)
  14 blink frogs
  9 polar bears
  A spriggan (D:8)
  Sigmund (D:3)
  Eustachio (D:5)
  6 wyverns
  33 yaks
  9 basilisks
  10 steam dragons
  Menkaure (D:5)
  Edmund (D:5)
  16 water moccasins
  An acid dragon (D:8)
  Duvessa (D:6)
  2 orc warriors
  6 ice beasts
  3 sky beasts
  6 black bears
  15 wolves
  2 ogres (D:7)
  3 centaurs
  2 lemures (D:5)
  An elf zombie (Ossuary)
  11 bullfrogs
  3 kobold brigands (D:9)
  A scorpion (D:11)
  A gnoll sergeant (D:6)
  11 wights
  Dowan (D:6)
  6 killer bees
  4 electric eels
  3 howler monkeys (D:7)
  2 centaur zombies (Ossuary)
  A human zombie (Ossuary)
  6 orc priests
  2 hounds (D:6)
  2 jellies
  2 iguanas
  Jessica (D:3)
  3 sleepcaps
  Ijyb (D:5)
  7 orc wizards
  2 hound zombies (Ossuary)
  3 mummies (Ossuary)
  13 gnolls
  14 adders
  2 shadow imps (D:6)
  3 white imps
  3 adder zombies (Ossuary)
  5 worms
  A dart slug (D:3)
  30 orcs
  10 ball pythons
  A bat (D:2)
  5 endoplasms
  A giant cockroach (D:2)
  A gnoll zombie (Ossuary)
  8 goblins
  4 hobgoblins
  4 quokkas
  3 frilled lizards
  4 goblin zombies (Ossuary)
  3 hobgoblin zombies (Ossuary)
  5 jackal zombies (Ossuary)
  16 kobolds
  2 kobold zombies (Ossuary)
  3 orc zombies (Ossuary)
  7 quokka zombies (Ossuary)
  11 rats
  3 rat zombies (Ossuary)
467 creatures vanquished.

Vanquished Creatures (others)
  An orc priest (D:9)
1 creature vanquished.

Grand Total: 468 creatures vanquished

Notes
Turn   | Place    | Note
-------+----------+-------------------------------------------
     0 | D:1      | qw the Minotaur Hunter began the quest for the Orb.
     0 | D:1      | Reached XP level 1. HP: 18/18 MP: 0/0
     0 | D:1      | 0 ||| qw: Version: 0.2-a-120-gdf1a93b
     0 | D:1      | 0 ||| qw: Game counter: 3139
     0 | D:1      | 0 ||| qw: Always use a shield: true
     0 | D:1      | 0 ||| qw: God list: Okawaru
     0 | D:1      | 0 ||| qw: Allow faded altars: false
     0 | D:1      | 0 ||| qw: Do Orc after D:15 true
     0 | D:1      | 0 ||| qw: Do second Lair branch before Depths: true
     0 | D:1      | 0 ||| qw: Lair rune preference: random
     0 | D:1      | 0 ||| qw: Plans: Normal
     0 | D:1      | 0 ||| PLANNING D:1-11
   130 | D:1      | Reached XP level 2. HP: 24/25 MP: 1/1
   152 | D:1      | Reached skill level 5 in Ranged Weapons
   432 | D:1      | Reached skill level 3 in Fighting
   498 | D:1      | 498 ||| DROPPING scarf of harm.
   499 | D:1      | 499 ||| UPGRADING to amulet of reflection.
   504 | D:1      | 504 ||| READING scroll labelled UXKETR FE PYUX.
   505 | D:1      | 505 ||| READING 2 scrolls labelled MUDEHYO SODORR.
   506 | D:1      | 506 ||| READING 3 scrolls labelled QAVIKK TYRPH.
   507 | D:1      | 507 ||| READING scroll labelled FEPLABUKUY.
   512 | D:1      | 512 ||| DROPPING scroll of butterflies.
   819 | D:2      | Reached XP level 3. HP: 31/31 MP: 2/2
  1137 | D:2      | 1137 ||| DROPPING amulet of regeneration.
  1138 | D:2      | 1138 ||| UPGRADING to ring of protection from cold.
  1139 | D:2      | 1139 ||| READING scroll labelled DAASYZ KEWAVE.
  1140 | D:2      | 1140 ||| DRINKING 2 sedimented puce potions.
  1159 | D:3      | Reached XP level 4. HP: 38/38 MP: 3/3
  1208 | D:3      | Reached skill level 6 in Ranged Weapons
  1320 | D:3      | Noticed Jessica
  1322 | D:3      | Killed Jessica
  1542 | D:3      | Reached XP level 5. HP: 41/46 MP: 4/4
  1619 | D:3      | Noticed Sigmund
  1631 | D:3      | 1631 ||| DRINKING 2 potions of curing.
  1631 | D:3      | 1631 ||| (to cure confusion)
  1632 | D:3      | Killed Sigmund
  1633 | D:3      | Reached skill level 7 in Ranged Weapons
  1633 | D:3      | Reached XP level 6. HP: 52/52 MP: 5/5
  1636 | D:3      | Found a faded altar of an unknown god.
  2071 | D:3      | 2071 ||| DROPPING ring of wizardry.
  2072 | D:3      | 2072 ||| READING 5 scrolls of identify.
  2072 | D:3      | 2072 ||| IDENTIFYING blue potion
  2073 | D:3      | 2073 ||| READING 4 scrolls of identify.
  2073 | D:3      | 2073 ||| IDENTIFYING sedimented black potion
  2074 | D:3      | 2074 ||| READING 3 scrolls of identify.
  2074 | D:3      | 2074 ||| IDENTIFYING sapphire potion
  2075 | D:3      | 2075 ||| READING 2 scrolls of identify.
  2075 | D:3      | 2075 ||| IDENTIFYING black potion
  2076 | D:3      | 2076 ||| DROPPING potion of enlightenment.
  2077 | D:3      | 2077 ||| DROPPING potion of brilliance.
  2078 | D:3      | 2078 ||| DROPPING potion of magic.
  2088 | D:4      | 2088 ||| PLANNING SEWER
  2218 | D:4      | Noticed Grinder
  2246 | D:4      | Killed Grinder
  2247 | D:4      | Reached skill level 8 in Ranged Weapons
  2247 | D:4      | Reached XP level 7. HP: 37/59 MP: 6/6
  2720 | D:4      | 2720 ||| RIP SEWER
  2745 | D:4      | 2745 ||| PLANNING D:1-11
  2890 | D:4      | Identified the +4 hammer "Jippuob" {freeze, rCorr}
  2895 | D:4      | Found a runed translucent door.
  2896 | D:4      | Noticed Crazy Yiuf
  3164 | D:4      | 3164 ||| UPGRADING to +2 robe of resistance.
  3174 | D:4      | 3174 ||| DROPPING +0 leather armour.
  3175 | D:4      | 3175 ||| UPGRADING to +0 pair of boots.
  3180 | D:4      | 3180 ||| READING 4 scrolls of enchant armour.
  3180 | D:4      | 3180 ||| ENCHANTING +0 pair of boots.
  3181 | D:4      | 3181 ||| READING 3 scrolls of enchant armour.
  3181 | D:4      | 3181 ||| ENCHANTING +1 pair of boots.
  3182 | D:4      | 3182 ||| UPGRADING to ring of willpower.
  3183 | D:4      | 3183 ||| READING 3 scrolls labelled EQEETA DUOKK.
  3183 | D:4      | Identified 3 scrolls of acquirement
  3183 | D:4      | 3183 ||| ACQUIRING +3 shortbow of electrocution
  3183 | D:4      | Acquired a +3 shortbow of electrocution
  3184 | D:4      | 3184 ||| READING 2 scrolls of acquirement.
  3184 | D:4      | 3184 ||| ACQUIRING +27 heavy crossbow "Sniper" {heavy,
                  | Acc+∞ SInv}
  3184 | D:4      | Acquired the +27 heavy crossbow "Sniper" {heavy, Acc+∞
                  | SInv}
  3184 | D:4      | Found the +27 heavy crossbow "Sniper" {heavy, Acc+∞ SInv}
  3185 | D:4      | 3185 ||| READING scroll of acquirement.
  3185 | D:4      | 3185 ||| ACQUIRING +2 arbalest of flaming
  3185 | D:4      | Acquired a +2 arbalest of flaming
  3187 | D:4      | 3187 ||| SWAPPING to +27 heavy crossbow "Sniper" {heavy,
                  | Acc+∞ SInv}.
  3188 | D:4      | 3188 ||| DROPPING +0 shortbow.
  3189 | D:4      | 3189 ||| READING scroll labelled RESYETHAIS.
  3190 | D:4      | 3190 ||| READING 4 scrolls of identify.
  3190 | D:4      | 3190 ||| IDENTIFYING fuming sapphire potion
  3191 | D:4      | 3191 ||| READING 3 scrolls of identify.
  3191 | D:4      | 3191 ||| IDENTIFYING inky potion
  3193 | D:4      | 3193 ||| Stepping ~*~*~tactically~*~*~ (cloud).
  3461 | D:5      | Entered Level 5 of the Dungeon
  3462 | D:5      | 3462 ||| PLANNING OSSUARY
  3466 | D:5      | Noticed Edmund
  3468 | D:5      | Killed Edmund
  3469 | D:5      | Reached skill level 3 in Dodging
  3485 | D:5      | Noticed Ijyb
  3486 | D:5      | Killed Ijyb
  3631 | D:5      | Reached skill level 9 in Ranged Weapons
  3635 | D:5      | Noticed Pikel
  3637 | D:5      | Killed Pikel
  3638 | D:5      | Reached XP level 8. HP: 63/68 MP: 7/7
  3663 | D:5      | Found a sand-covered staircase.
  3670 | Ossuary  | Entered an ossuary
  3798 | Ossuary  | Reached skill level 6 in Fighting
  3896 | Ossuary  | 3896 ||| READING scroll labelled UKUIT LOFAE.
  3897 | Ossuary  | 3897 ||| READING 2 scrolls of identify.
  3897 | Ossuary  | 3897 ||| IDENTIFYING coppery potion
  3898 | Ossuary  | 3898 ||| DROPPING potion of attraction.
  3909 | D:5      | 3909 ||| PLANNING D:1-11
  4013 | D:5      | Found a sacrificial altar of Ru.
  4096 | D:5      | Found a hide-covered altar of Uskayaw.
  4096 | D:5      | Found a basalt altar of Yredelemnul.
  4096 | D:5      | Noticed Menkaure
  4097 | D:5      | Killed Menkaure
  4098 | D:5      | Reached skill level 10 in Ranged Weapons
  4182 | D:5      | Noticed Eustachio
  4184 | D:5      | Killed Eustachio
  4266 | D:5      | 4266 ||| READING scroll labelled LOFRYMPIO.
  4320 | D:6      | Noticed qw's ghost (amateur GrFi)
  4321 | D:6      | Found a transporter.
  4326 | D:6      | Found a transporter.
  4343 | D:6      | Reached XP level 9. HP: 79/79 MP: 8/8
  4546 | D:6      | 4546 ||| Stepping ~*~*~tactically~*~*~ (outnumbered).
  4548 | D:6      | 4548 ||| Stepping ~*~*~tactically~*~*~ (outnumbered).
  4557 | D:6      | Reached skill level 11 in Ranged Weapons
  4654 | D:6      | Noticed Dowan
  4655 | D:6      | Killed Dowan
  4679 | D:6      | Noticed Duvessa
  4680 | D:6      | Killed Duvessa
  4900 | D:6      | 4900 ||| UPGRADING to +6 ring of dexterity.
  4902 | D:6      | 4902 ||| DRINKING 2 fizzy sapphire potions.
  4903 | D:6      | 4903 ||| READING 2 scrolls of identify.
  4903 | D:6      | 4903 ||| IDENTIFYING dark potion
  4904 | D:6      | 4904 ||| DROPPING potion of invisibility.
  4986 | D:7      | Found a burning altar of Makhleb.
  5053 | D:7      | Reached skill level 6 in Dodging
  5110 | D:7      | 5110 ||| FLEEEEING.
  5231 | D:7      | Noticed a troll
  5232 | D:7      | Killed a troll
  5233 | D:7      | Reached skill level 12 in Ranged Weapons
  5234 | D:7      | Found a stormy altar of Qazlal.
  5248 | D:7      | Found a staircase to the Ecumenical Temple.
  5249 | D:7      | 5249 ||| PLANNING TEMPLE
  5259 | Temple   | Entered the Ecumenical Temple
  5349 | Temple   | 5349 ||| PLANNING D:1-11
  5651 | D:7      | Reached XP level 10. HP: 86/88 MP: 9/9
  5685 | D:7      | Found a shadowy altar of Dithmenos.
  5780 | D:7      | Found a glowing silver altar of Zin.
  5821 | D:7      | Found an ornate altar of the Wu Jian Council.
  5857 | D:7      | Found an opulent altar of Gozag.
  5985 | D:7      | Found a sparkling altar of Nemelex Xobeh.
  5990 | D:7      | 5990 ||| READING scroll labelled UKEIN IJOI.
  5991 | D:7      | 5991 ||| READING 4 scrolls of identify.
  5991 | D:7      | 5991 ||| IDENTIFYING red potion
  6333 | D:8      | Noticed a two-headed ogre
  6333 | D:8      | Noticed a two-headed ogre
  6336 | D:8      | Killed a two-headed ogre
  6337 | D:8      | Reached skill level 13 in Ranged Weapons
  6339 | D:8      | HP: 12/89 [two-headed ogre/+0 giant club (20)]
  6340 | D:8      | 6340 ||| READING 2 scrolls of teleportation.
  6341 | D:8      | Killed a two-headed ogre
  6342 | D:8      | Reached skill level 9 in Fighting
  6342 | D:8      | Found Jokooth's Weapon Boutique.
  6343 | D:8      | 6343 ||| READING scroll of teleportation.
  6661 | D:8      | Found Hogapev's Antique Armour Boutique.
  6669 | D:8      | 6669 ||| BUYING runed leather armour (140 gold).
  6669 | D:8      | Bought a runed leather armour for 140 gold pieces
  6669 | D:8      | 6669 ||| BUYING shiny ring mail (196 gold).
  6669 | D:8      | Bought a shiny ring mail for 196 gold pieces
  6720 | D:8      | 6720 ||| FLEEEEING.
  6835 | D:8      | Noticed Maggie
  6838 | D:8      | Killed Maggie
  7075 | D:8      | Found the +12 pair of quick blades "Gyre" and "Gimble"
                  | {protect}
  7081 | D:8      | 7081 ||| DROPPING +1 leather armour of poison resistance.
  7082 | D:8      | 7082 ||| DROPPING +1 ring mail of fire resistance.
  7083 | D:8      | 7083 ||| UPGRADING to +0 swamp dragon scales.
  7093 | D:8      | 7093 ||| READING 3 scrolls of enchant armour.
  7093 | D:8      | 7093 ||| ENCHANTING +0 swamp dragon scales.
  7094 | D:8      | 7094 ||| READING 2 scrolls of enchant armour.
  7094 | D:8      | 7094 ||| ENCHANTING +1 swamp dragon scales.
  7095 | D:8      | 7095 ||| READING scroll of enchant armour.
  7095 | D:8      | 7095 ||| ENCHANTING +2 swamp dragon scales.
  7096 | D:8      | 7096 ||| UPGRADING to ring of protection from cold.
  7098 | D:8      | 7098 ||| READING scroll labelled CERUDW TIUDIJ.
  7198 | D:9      | 7198 ||| STAIRDANCE
  7201 | D:8      | Reached skill level 14 in Ranged Weapons
  7377 | D:9      | Found a flagged portal.
  7433 | D:9      | Reached XP level 11. HP: 99/99 MP: 10/10
  7433 | D:9      | Found an iron altar of Okawaru.
  7434 | D:9      | 7434 ||| PLANNING OKAWARU WORSHIP
  7435 | D:9      | Noticed a two-headed ogre
  7437 | D:9      | Killed a two-headed ogre
  7444 | D:9      | Became a worshipper of Warmaster Okawaru
  7444 | D:9      | 7444 ||| PLANNING D:1-11
  7504 | D:9      | Noticed a two-headed ogre
  7505 | D:9      | Killed a two-headed ogre
  7604 | D:9      | Reached * piety under Okawaru
  7692 | D:9      | Identified the +0 whip of Divine Valiance {heavy, rElec rC+
                  | Str+3 Dex+3}
  7748 | D:9      | Noticed a two-headed ogre
  7749 | D:9      | 7749 ||| INVOKING Heroism.
  7750 | D:9      | Killed a two-headed ogre
  7751 | D:9      | Reached skill level 1 in Invocations
  7786 | D:9      | Found a snail-covered altar of Cheibriados.
  7787 | D:9      | 7787 ||| UPGRADING to +2 pair of gloves.
  7843 | D:10     | Entered Level 10 of the Dungeon
  7855 | D:10     | Found an ancient bone altar of Kikubaaqudgha.
  7939 | D:10     | Found a radiant altar of Vehumet.
  7989 | D:10     | Noticed a red ugly thing
  7990 | D:10     | Killed a red ugly thing
  7991 | D:10     | Reached skill level 6 in Armour
  8057 | D:10     | 8057 ||| INVOKING Heroism.
  8101 | D:10     | 8101 ||| INVOKING Heroism.
  8112 | D:10     | Reached skill level 15 in Ranged Weapons
  8112 | D:10     | Reached skill level 3 in Invocations
  8112 | D:10     | 8112 ||| FLEEEEING.
  8113 | D:10     | 8113 ||| FLEEEEING.
  8114 | D:10     | 8114 ||| FLEEEEING.
  8115 | D:10     | 8115 ||| FLEEEEING.
  8116 | D:10     | 8116 ||| FLEEEEING.
  8117 | D:10     | 8117 ||| FLEEEEING.
  8118 | D:10     | 8118 ||| FLEEEEING.
  8119 | D:10     | 8119 ||| FLEEEEING.
  8126 | D:10     | 8126 ||| FLEEEEING.
  8277 | D:10     | 8277 ||| INVOKING Heroism.
  8357 | D:10     | Reached ** piety under Okawaru
  8798 | D:10     | 8798 ||| DROPPING ring of magical power.
  8799 | D:10     | 8799 ||| READING scroll labelled FEADAF DOQE.
  8800 | D:10     | 8800 ||| DRINKING 2 murky amethyst potions.
  8832 | D:11     | 8832 ||| PLANNING GAUNTLET
  8856 | D:11     | Found Fuqyoxof's Armour Boutique.
  8863 | D:11     | 8863 ||| Stepping ~*~*~tactically~*~*~ (outnumbered).
  8870 | D:11     | 8870 ||| SHOPLISTING +2 leather armour of Saupsull {Str+4
                  | Dex+6} (560 gold, have 360).
  8870 | D:11     | 8870 ||| BUYING -2 cloak "Quahiajy" {rF++ rCorr Str-4 SInv}
                  | (285 gold).
  8870 | D:11     | Bought the -2 cloak "Quahiajy" {rF++ rCorr Str-4 SInv} for
                  | 285 gold pieces
  8910 | D:11     | Reached skill level 16 in Ranged Weapons
  8962 | D:11     | Found a staircase to the Lair.
  8994 | D:11     | Found a gate leading to a gauntlet.
  8995 | D:11     | 8995 ||| UPGRADING to -2 cloak "Quahiajy" {rF++ rCorr Str-4
                  | SInv}.
  9000 | D:11     | 9000 ||| READING scroll labelled UGEKHEMOET.
  9136 | Gauntlet | Entered a Gauntlet
  9136 | Gauntlet | Found a transporter.
  9145 | Gauntlet | Found a transporter.
  9157 | Gauntlet | Found a transporter.
  9162 | Gauntlet | Found a transporter.
  9165 | Gauntlet | Noticed a thrashing horror
  9171 | Gauntlet | Found a transporter.
  9196 | Gauntlet | Found a transporter.
  9200 | Gauntlet | Found a transporter.
  9201 | Gauntlet | Noticed an orange crystal statue
  9205 | Gauntlet | Noticed a dire elephant
  9213 | Gauntlet | Found a transporter.
  9222 | Gauntlet | Noticed a green ugly thing
  9223 | Gauntlet | Found a transporter.
  9223 | Gauntlet | Noticed a white ugly thing
  9224 | Gauntlet | Noticed a great orb of eyes
  9247 | Gauntlet | Found a transporter.
  9247 | Gauntlet | Found a transporter.
  9248 | Gauntlet | Noticed an orange crystal statue
  9255 | Gauntlet | Found a transporter.
  9295 | Gauntlet | 9295 ||| INVOKING Heroism.
  9296 | Gauntlet | Killed an orange crystal statue
  9296 | Gauntlet | Reached *** piety under Okawaru
  9312 | Gauntlet | 9312 ||| DROPPING ring of flight.
  9321 | Gauntlet | Killed a white ugly thing
  9323 | Gauntlet | Killed a great orb of eyes
  9324 | Gauntlet | Reached XP level 12. HP: 96/110 MP: 14/14
  9364 | Gauntlet | Identified the ring "Boqeif" {*Slow rF+ Will+ Str+3 Slay+2}
  9373 | Gauntlet | 9373 ||| DROPPING ring of willpower.
  9374 | Gauntlet | 9374 ||| UPGRADING to ring "Boqeif" {*Slow rF+ Will+ Str+3
                  | Slay+2}.
  9393 | Gauntlet | Identified the ring "Nafrefek" {rF+ rC+}
  9393 | Gauntlet | Noticed a minotaur
  9394 | Gauntlet | 9394 ||| INVOKING Heroism.
  9396 | Gauntlet | Killed a minotaur
  9442 | Gauntlet | Identified the +1 chain mail of the Lost Path {rPois MP+9
                  | Dex+4 Slay-4}
  9464 | Gauntlet | 9464 ||| DROPPING ring of protection from cold.
  9465 | Gauntlet | 9465 ||| READING scroll labelled JEXKUA XASTO.
  9476 | D:11     | 9476 ||| PLANNING LAIR
  9486 | Lair:1   | Entered Level 1 of the Lair of Beasts
  9494 | Lair:1   | 9494 ||| READING scroll of enchant armour.
  9494 | Lair:1   | 9494 ||| ENCHANTING +3 swamp dragon scales.
  9501 | Lair:1   | Reached skill level 9 in Dodging
  9503 | Lair:1   | 9503 ||| INVOKING Heroism.
  9526 | Lair:1   | Reached **** piety under Okawaru
  9527 | Lair:1   | 9527 ||| INVOKING Heroism.
  9556 | Lair:1   | 9556 ||| INVOKING Heroism.
  9577 | Lair:1   | 9577 ||| INVOKING Heroism.
  9602 | Lair:1   | Reached skill level 17 in Ranged Weapons
  9612 | Lair:1   | Identified the +0 ring mail of Honesty {-Tele *Slow Regen+
                  | Slay+5}
  9668 | Lair:1   | 9668 ||| INVOKING Heroism.
  9775 | Lair:1   | 9775 ||| INVOKING Heroism.
  9791 | Lair:1   | Found a runed translucent gate.
  9792 | Lair:1   | Found a runed translucent gate.
  9793 | Lair:1   | Found a runed translucent gate.
  9793 | Lair:1   | Noticed qw's ghost (journeyman GrHu)
  9794 | Lair:1   | Noticed qw's ghost (novice MiHu)
  9794 | Lair:1   | Noticed qw's ghost (novice MiHu)
  9797 | Lair:1   | Noticed qw's ghost (journeyman MiHu)
  9813 | Lair:1   | 9813 ||| INVOKING Heroism.
  9960 | Lair:1   | Found a frozen archway.
 10421 | Lair:1   | 10421 ||| READING scroll labelled VUFUTH CAXAOV.
 10422 | Lair:1   | 10422 ||| READING scroll labelled QYGUNL QIARHECWEG.
 10631 | Lair:2   | Found a staircase to the Swamp.
 10862 | Lair:2   | Received a gift from Okawaru
 10930 | Lair:2   | 10930 ||| Stepping ~*~*~tactically~*~*~ (water).
 10957 | Lair:2   | Found a hole to the Spider Nest.
 10960 | Lair:2   | 10960 ||| INVOKING Heroism.
 11058 | Lair:2   | Reached skill level 6 in Invocations
 11222 | Lair:2   | 11222 ||| INVOKING Heroism.
 11277 | Lair:3   | 11277 ||| INVOKING Heroism.
 11341 | Lair:3   | Reached XP level 13. HP: 116/116 MP: 16/16
 11348 | Lair:3   | 11348 ||| INVOKING Heroism.
 11407 | Lair:3   | 11407 ||| INVOKING Heroism.
 11476 | Lair:3   | 11476 ||| INVOKING Heroism.
 11481 | Lair:3   | Reached skill level 18 in Ranged Weapons
 11828 | Lair:3   | Identified the +4 shortbow of Action {antimagic, +Blink
                  | rC+}
 11834 | Lair:3   | Reached ***** piety under Okawaru
 11934 | Lair:3   | 11934 ||| INVOKING Heroism.
 11954 | Lair:3   | 11954 ||| READING scroll of acquirement.
 11954 | Lair:3   | 11954 ||| ACQUIRING ring of see invisible
 11954 | Lair:3   | Acquired a ring of see invisible
 11964 | Lair:3   | 11964 ||| READING scroll of enchant armour.
 11964 | Lair:3   | 11964 ||| ENCHANTING +4 swamp dragon scales.
 12072 | Lair:3   | Reached skill level 12 in Fighting
 12248 | Lair:3   | 12248 ||| DROPPING +0 ring mail of Honesty {-Tele *Slow
                  | Regen+ Slay+5}.
 12279 | Lair:4   | 12279 ||| INVOKING Heroism.
 12350 | Lair:4   | 12350 ||| INVOKING Heroism.
 12388 | Lair:4   | 12388 ||| INVOKING Heroism.
 12453 | Lair:4   | 12453 ||| INVOKING Heroism.
 12460 | Lair:4   | Reached skill level 9 in Armour
 12468 | Lair:4   | Reached skill level 9 in Invocations
 12475 | Lair:4   | Found a runed translucent door.
 12475 | Lair:4   | Found a viscous altar of Jiyva.
 12475 | Lair:4   | Noticed an acid blob
 12475 | Lair:4   | Noticed an acid blob
 12488 | Lair:4   | 12488 ||| INVOKING Heroism.
 12489 | Lair:4   | 12489 ||| Stepping ~*~*~tactically~*~*~ (outnumbered).
 12497 | Lair:4   | 12497 ||| INVOKING Heroism.
 12523 | Lair:4   | 12523 ||| INVOKING Heroism.
 12600 | Lair:4   | 12600 ||| INVOKING Heroism.
 12610 | Lair:4   | Noticed a fire dragon
 12614 | Lair:4   | Killed a fire dragon
 12640 | Lair:4   | Identified the +6 long sword "Conservator" {flame, rElec
                  | Int+3}
 12723 | Lair:4   | 12723 ||| READING scroll of enchant armour.
 12723 | Lair:4   | 12723 ||| ENCHANTING +5 swamp dragon scales.
 12811 | Lair:4   | 12811 ||| INVOKING Heroism.
 12812 | Lair:4   | 12812 ||| INVOKING Finesse.
 13071 | Lair:4   | Noticed an acid blob
 13073 | Lair:4   | Found a staircase to the Slime Pits.
 13092 | Lair:4   | 13092 ||| INVOKING Heroism.
 13114 | Lair:4   | 13114 ||| DROPPING +2 leather armour of fire resistance.
 13115 | Lair:4   | 13115 ||| UPGRADING to +4 ring of protection.
 13117 | Lair:4   | 13117 ||| DROPPING ring of see invisible.
 13143 | Lair:5   | Entered Level 5 of the Lair of Beasts
 13144 | Lair:5   | 13144 ||| INVOKING Heroism.
 13148 | Lair:5   | Reached XP level 14. HP: 126/126 MP: 18/20
 13152 | Lair:5   | 13152 ||| SWAPPING to +2 arbalest of flaming.
 13153 | Lair:5   | 13153 ||| INVOKING Finesse.
 13166 | Lair:5   | 13166 ||| STAIRDANCE
 13171 | Lair:4   | HP: 29/127 [seven-headed hydra (8)]
 13172 | Lair:4   | 13172 ||| READING 3 scrolls of teleportation.
 13173 | Lair:4   | 13173 ||| DRINKING 2 potions of heal wounds.
 13174 | Lair:4   | 13174 ||| DRINKING potion of heal wounds.
 13179 | Lair:4   | 13179 ||| SWAPPING to +27 heavy crossbow "Sniper" {heavy,
                  | Acc+∞ SInv}.
 13492 | Lair:5   | Reached skill level 19 in Ranged Weapons
 13585 | Lair:5   | 13585 ||| INVOKING Heroism.
 13586 | Lair:5   | 13586 ||| INVOKING Finesse.
 13605 | Lair:5   | 13605 ||| INVOKING Heroism.
 13605 | Lair:5   | HP: 32/129 [komodo dragon (11)]
 13606 | Lair:5   | 13606 ||| READING 2 scrolls of teleportation.
 13607 | Lair:5   | HP: 7/129 [dream sheep (9)]
 13608 | Lair:5   | Received a gift from Okawaru
 13608 | Lair:5   | HP: 1/129 [death yak (7)]
 13608 | Lair:5   | Slain by a dream sheep

Levels and vault maps discovered:
D:1:      onia_arrival_mini_maze, layout_rooms
D:2:      layout_basic, minmay_tetromino_t2
D:3:      layout_loops_corners, shapermc_ecumenical_altar_venn,
          supply_closet_lemuel, uniq_jessica, uniq_sigmund
D:4:      layout_loops_cross, lightli_sewer_entry_pipes, uniq_grinder,
          uniq_crazy_yiuf_cottage
D:5:      layout_loops_cross, grunt_temple_overflow_open,
          lightli_ossuary_entry_decrepit_ruins, uniq_eustachio, uniq_menkaure,
          uniq_ijyb, uniq_pikel, uniq_edmund
D:6:      layout_loops_ring, gammafunk_ghost_abyssal_escape, uniq_duvessa
D:7:      layout_layer_cave, nemelex_dance_club_becter,
          nicolae_qazlal_general_emergency, marbit_many_paths,
          nicolae_overflow_quartered_altars, minmay_temple_entry_statues
D:8:      layout_loops_ring, serial_shops, nicolae_shop_peninsula, shop,
          hellmonk_guarded_unrand_gyre_and_gimble, uniq_maggie
D:9:      layout_loops_ring, cheibrodos_worm_habitat, okawaru_metal_pillars_1_2,
          enter_bailey_3, kennysheep_generic_room_15
D:10:     layout_loops_ring, fiery_altar_vehumet, overflow_temple_1_default,
          kennysheep_boxes
D:11:     layout_layer_cave, minmay_lair_entry_grove, david_orc_3,
          gauntlet_entry_generic, serial_shops, shop, kennysheep_vampire_church
Temple:   nicolae_temple_godpark
Lair:1:   beast_lair_carwin_large_1, layout_cave_pods,
          portal_ice_cave_entry_ice_simulacra, gammafunk_ghost_cemetery,
          grunt_megastairs_1
Lair:2:   layout_hall_layers, swamp_mist_pool,
          hellmonk_spider_entry_not_the_bees, beast_lair_carwin_9
Lair:3:   layout_gridlike, grunt_megastairs_3, infiniplex_staircase_pool_2
Lair:4:   layout_long_grid, slime_entry_2, bobbens_dragon_lair_wall
Lair:5:   grunt_lair_end_beastmaster, layout_cave_shapes, grunt_megastairs_2,
          serial_bayou_shore_a

Skill      XL: |  1  2  3  4  5  6  7  8  9 10 11 12 13 14 |
---------------+-------------------------------------------+-----
Ranged Weapons | 5 6 7 8 9 10 12 14 16 17 18 19 | 19.4
Fighting       | 3 4 5 7 8 9 11 12 13 | 13.0
Dodging        | 3 4 6 8 9 10 | 10.1
Armour         | 5 7 8 9 |  9.0
Invocations    | 4 6 10 | 10.0
Stealth        | |  0.7

Action                     |  1- 3 |  4- 6 |  7- 9 | 10-12 | 13-15 || total
---------------------------+-------+-------+-------+-------+-------++-------
   Fire: Shortbow          |    99 |    94 |    52 |       |       ||   245
         Heavy crossbow    |       |       |   142 |   199 |   146 ||   487
         Arbalest          |       |       |       |       |    20 ||    20
 Invoke: Heroism           |       |       |       |    16 |    17 ||    33
         Finesse           |       |       |       |       |     3 ||     3
    Use: Scroll            |     5 |     4 |    12 |    14 |     5 ||    40
         Potion            |     1 |     1 |     1 |     1 |     2 ||     6
 Armour: Leather armour    |     8 |     1 |     1 |       |       ||    10
         Robe              |       |       |    11 |     2 |       ||    13
         Swamp dragon scal |       |       |       |    41 |    83 ||   124
  Dodge: Dodged            |    23 |    10 |    51 |    88 |   168 ||   340
  Block: Other             |     8 |     1 |    18 |    27 |    47 ||   101
         Reflection        |       |       |     1 |       |       ||     1

Table legend:
 A = Non-vault XP
 B = Vault XP
 C = Vault XP percentage of total XP
 D = Non-vault monster count
 E = Vault monster count
 F = Vault count percentage of total count
                 A         B        C        D         E       F
            +---------+---------+-------+---------+---------+-------
      Total |   50609 |   29381 |  36.7 |     309 |     156 |  33.5
            +---------+---------+-------+---------+---------+-------
        D:1 |      30 |       2 |   6.2 |      19 |       2 |   9.5
        D:2 |      62 |       2 |   3.1 |      15 |       2 |  11.8
        D:3 |     102 |     263 |  72.1 |      19 |       2 |   9.5
        D:4 |      81 |     318 |  79.7 |       5 |      11 |  68.8
        D:5 |     334 |    1179 |  77.9 |      15 |       5 |  25.0
        D:6 |     838 |     211 |  20.1 |      27 |       2 |   6.9
        D:7 |    1964 |     252 |  11.4 |      27 |       3 |  10.0
        D:8 |    2063 |    2291 |  52.6 |      21 |       4 |  16.0
        D:9 |    4301 |     104 |   2.4 |      25 |       6 |  19.4
       D:10 |    3575 |       0 |   0.0 |      24 |       0 |   0.0
       D:11 |     122 |    2111 |  94.5 |       7 |      12 |  63.2
     Lair:1 |    4103 |    2729 |  39.9 |      16 |      11 |  40.7
     Lair:2 |    3234 |    2070 |  39.0 |      12 |      11 |  47.8
     Lair:3 |   10531 |     392 |   3.6 |      26 |       2 |   7.1
     Lair:4 |    9411 |    8602 |  47.8 |      26 |      25 |  49.0
     Lair:5 |    9858 |    4440 |  31.1 |      25 |      12 |  32.4
    Ossuary |       0 |     382 | 100.0 |       0 |      40 | 100.0
   Gauntlet |       0 |    4033 | 100.0 |       0 |       6 | 100.0
            +---------+---------+-------+---------+---------+-------
